AoeStats
← TheAtani

Arabia

506682661Analyzed
1v1 RM · 17d ago on Sep 14, 2026· 21m 13s· 2 players
Game mode
Random Map
Map size
Tiny (2 player)
Population
200
Speed
Normal
Resources
Standard
Victory
Conquest
Starting age
Dark Age
Ending age
Imperial Age
RankedLock teamsTeams togetherTeam positionsShared explorationLock speedFull tech treeHidden civsTurbo modeCheats
Victory
Defeat
🇨🇱 Aztecs · Chile
960
+14
🇮🇳 Lithuanians · India
922
-14
TheAtani
6:36 Loom
9:03 Feudal Age
9:59 Double-Bit Axe
21:45 Castle Age
lalan (VolachosClan)
4:12 Loom
9:42 Feudal Age
10:28 Man-at-Arms
23:35 Castle Age
Connection lost

Rejoining the realm…

Still unreachable

The connection could not be restored.

Session expired

The server has moved on; the page needs a fresh start.